 Dungeon Crawl Stone Soup version 0.29.1-13-g9f3cf754e1 (webtiles) character file.

Game seed: 15687502749831450535

39 LustLizard the Grave Robber (level 3, -1/28 HPs)
             Began as a Gnoll Wanderer on Jan 22, 2023.
             Slain by an ufetubus (5 damage)
             ... on level 2 of the Dungeon.
             The game lasted 00:03:36 (1817 turns).

LustLizard the Grave Robber (Gnoll Wanderer)        Turns: 1817, Time: 00:03:37

Health: -1/28      AC:  2    Str: 10    XL:     3   Next: 47%
Magic:  9/9        EV: 12    Int: 16    God:
Gold:   24         SH:  0    Dex:  9    Spells: 8/12 levels left

rFire   . . .      SeeInvis .   a - +0 club
rCold   . . .      Faith    .   (no shield)
rNeg    . . .      Spirit   .   c - +0 robe
rPois   .          Reflect  .   (no helmet)
rElec   .          Harm     .   (no cloak)
rCorr   .          Rampage  .   (no gloves)
Will    .....                   (no boots)
Stlth   +.........              (no amulet)
HPRegen 0.09/turn               (no ring)
MPRegen 0.11/turn               (no ring)

@: no status effects
A: fangs 1, strong nose, distributed training
a: no special abilities


You were on level 2 of the Dungeon.
You visited 1 branch of the dungeon, and saw 2 of its levels.

You collected 24 gold pieces.

Inventory:

Hand Weapons
 a - a +0 club (weapon)
Missiles
 e - 19 stones
 g - 6 boomerangs
Armour
 c - a +0 robe (worn)
Scrolls
 d - 2 scrolls of fog
Potions
 b - a potion of lignification
 f - a potion of degeneration {unknown}
 h - a potion of brilliance {unknown}


   Skills:
 + Level 2.6 Fighting
 + Level 0.9 Short Blades
 + Level 0.9 Long Blades
 + Level 0.9 Axes
 + Level 0.9 Maces & Flails
 + Level 0.9 Polearms
 + Level 0.9 Staves
 + Level 0.9 Ranged Weapons
 + Level 0.9 Throwing
 + Level 0.9 Armour
 + Level 2.6 Dodging
 + Level 0.9 Stealth
 + Level 0.9 Shields
 + Level 0.9 Unarmed Combat
 + Level 5.0 Spellcasting
 + Level 0.6 Conjurations
 + Level 0.6 Hexes
 + Level 0.6 Summonings
 + Level 5.4 Necromancy
 + Level 0.6 Translocations
 + Level 3.8 Transmutations
 + Level 0.6 Fire Magic
 + Level 0.6 Ice Magic
 + Level 0.6 Air Magic
 + Level 0.6 Earth Magic
 + Level 0.6 Poison Magic
 + Level 1.0 Invocations
 + Level 2.6 Evocations


You had 8 spell levels left.
You knew the following spells:

 Your Spells              Type           Power      Damage    Failure   Level
a - Necrotise             Necr           84%        1d8       1%          1
b - Vampiric Draining     Necr           21%        2d7       4%          3

Your spell library contained the following spells:

 Spells                   Type           Power      Damage    Failure   Level
 Wereblood                Tmut           16%        N/A       4%          2
 Passwall                 Tmut/Erth      9%         N/A       10%         2
 Dispel Undead            Necr           21%        3d11      16%         4
 Conjure Ball Lightning   Conj/Air       3%         3x3d6     100%        6
 Discord                  Hex            3%         N/A       100%        8
 Disjunction              Tloc           3%         N/A       100%        8


Dungeon Overview and Level Annotations

Branches:
Dungeon (2/15)

Altars:


Innate Abilities, Weirdness & Mutations

You have very sharp teeth.
Your uncanny sense of smell can sniff out nearby items.
Your experience applies equally to all skills.


Message History

The ufetubus is moderately wounded.
The ufetubus barely misses you. The ufetubus hits you.
The ufetubus hits you but does no damage.
The ufetubus closely misses you.
Casting: Necrotise (safe; 1% risk of failure)
Confirm with . or Enter, or press ? or * to list all spells.
You can't see any susceptible monsters within range! (Use Z to cast anyway.) Unknown command.
You closely miss the ufetubus. Your bite misses the ufetubus.
The ufetubus is moderately wounded.
The ufetubus hits you but does no damage.
The ufetubus hits you.
The ufetubus hits you but does no damage.
The ufetubus hits you.
You miss the ufetubus.
The ufetubus is moderately wounded.
The ufetubus hits you. The ufetubus closely misses you.
The ufetubus hits you. x2
You are too injured to fight recklessly!
Casting: Necrotise (safe; 1% risk of failure)
Confirm with . or Enter, or press ? or * to list all spells.
You can't see any susceptible monsters within range! (Use Z to cast anyway.)
You hit the ufetubus. Your punch misses the ufetubus.
The ufetubus is heavily wounded.
The ufetubus barely misses you. The ufetubus hits you.
The ufetubus closely misses you. The ufetubus hits you.
* * * LOW HITPOINT WARNING * * *
You hit the ufetubus. Your bite misses the ufetubus.
The ufetubus is severely wounded.
The ufetubus closely misses you. The ufetubus hits you.
* * * LOW HITPOINT WARNING * * *
You closely miss the ufetubus.
The ufetubus is severely wounded.
The ufetubus hits you.
* * * LOW HITPOINT WARNING * * *
The ufetubus closely misses you. The ufetubus misses you.
The ufetubus closely misses you.
You closely miss the ufetubus. Your bite misses the ufetubus.
The ufetubus is severely wounded.
The ufetubus hits you.
You die...

#........#
####...###
+.......#
####...##
##.##
#.####
#....#
####.# #@#
#5# #.#
#.# #.#
#.# >.#
###


You could see an ufetubus.

Vanquished Creatures
  A dart slug (D:1)
  7 ball pythons (D:1)
  2 endoplasms (D:1)
  A giant cockroach (D:1)
  3 goblins (D:1)
  4 hobgoblins (D:1)
  2 quokkas (D:1)
  3 bats
  4 kobolds (D:1)
  4 rats (D:1)
31 creatures vanquished.

Vanquished Creatures (collateral kills)
  A goblin (D:1)
  A quokka (D:1)
  A ball python (D:1)
3 creatures vanquished.

Grand Total: 34 creatures vanquished

Notes
Turn   | Place    | Note
-------+----------+-------------------------------------------
     0 | D:1      | LustLizard the Gnoll Wanderer began the quest for the Orb.
     0 | D:1      | LustLizard set off with the following items: a +0 club, a
                  | potion of lignification, a +0 robe, a scroll of fog; and
                  | the following spell memorised: Necrotise; and the following
                  | spells available to memorise: Wereblood, Vampiric Draining,
                  | Passwall, Dispel Undead.
     0 | D:1      | Reached XP level 1. HP: 17/17 MP: 6/6
   448 | D:1      | Reached XP level 2. HP: 23/23 MP: 1/7
   894 | D:1      | Reached skill level 5 in Spellcasting
   894 | D:1      | Reached XP level 3. HP: 27/28 MP: 5/9
  1169 | D:1      | Reached skill level 1 in Invocations
  1775 | D:2      | Learned a level 3 spell: Vampiric Draining
  1817 | D:2      | Slain by an ufetubus

Illustrated notes

Levels and vault maps discovered:
D:1:      zaba_arrival_water, layout_basic, serial_rivers,
          chequers_serial_rivers_room_b, chequers_serial_rivers_micro_b,
          chequers_serial_rivers_micro_a, chequers_serial_rivers_small_b,
          chequers_serial_rivers_micro_a, chequers_serial_rivers_micro_a
D:2:      layout_loops_corners, shapermc_ecumenical_altar_starsandcircs,
          uniq_jessica, uniq_crazy_yiuf_cottage

Skill      XL: |  1  2  3 |
---------------+----------+-----
Spellcasting   | 5 |  5.0
Invocations    | 1 |  1.0
Fighting       | |  2.6
Short Blades   | |  0.9
Long Blades    | |  0.9
Axes           | |  0.9
Maces & Flails | |  0.9
Polearms       | |  0.9
Staves         | |  0.9
Ranged Weapons | |  0.9
Throwing       | |  0.9
Armour         | |  0.9
Dodging        | |  2.6
Stealth        | |  0.9
Shields        | |  0.9
Unarmed Combat | |  0.9
Conjurations   | |  0.6
Hexes          | |  0.6
Summonings     | |  0.6
Necromancy     | |  5.4
Translocations | |  0.6
Transmutations | |  3.8
Fire Magic     | |  0.6
Ice Magic      | |  0.6
Air Magic      | |  0.6
Earth Magic    | |  0.6
Poison Magic   | |  0.6
Evocations     | |  2.6

Action                   || total
-------------------------++-------
Melee: Club              ||    44
       Bite              ||     3
 Cast: Necrotise         ||    55
Armor: Robe              ||    22
Dodge: Dodged            ||    55
